 Dungeon Sprint DCSS version 0.22-a0-135-g6f012ad (webtiles) character file.

5832 Faca the Unseen (level 10, 0/76 HPs)
             Began as a Gargoyle Assassin on Jan 31, 2018.
             Was a High Priest of Uskayaw.
             Slain by a spiny frog (12 damage)
             ... in the Dungeon (Sprint IX: "|||||||||||||||||||||||||||||").
             The game lasted 00:07:09 (1460 turns).

Faca the Unseen (Gargoyle Assassin)                 Turns: 1460, Time: 00:07:10

Health: 0/76       AC: 18    Str: 21    XL:     10   Next: 80%
Magic:  16/19      EV:  7    Int: 12    God:    Uskayaw [*****.]
Gold:   14         SH:  0    Dex: 14    Spells: 9/9 levels left

rFire    . . .     SeeInvis .   p - +2 rapier (elec)
rCold    . . .     Gourm    .   (no shield)
rNeg     + . .     Faith    .   r - +1 chain mail
rPois    ∞         Spirit   .   q - +0 helmet
rElec    +         Reflect  .   d - +0 cloak
rCorr    .         Harm     .   (no gloves)
MR       .....     NoTele   +   (no boots)
Stlth    +++.......             (no amulet)
HPRegen  0.22/turn              s - +3 ring of strength
MPRegen  0.16/turn              t - +3 ring of strength

@: no status effects
A: negative energy resistance 1, electricity resistance, unbreathing,
petrification resistance, rot immunity, AC +7
a: Stomp, Line Pass, Grand Finale, Renounce Religion


You were in the Dungeon.
You worshipped Uskayaw.
Uskayaw was pleased with you.
You were hungry.

You visited 1 branch You collected 14 gold pieces.

Inventory:

Hand Weapons
 b - a +0 blowgun
 p - a +2 rapier of electrocution (weapon)
Missiles
 e - 2 poisoned needles
 f - 2 curare-tipped needles
Armour
 c - a +0 robe
 d - a +0 cloak (worn)
 q - a +0 helmet (worn)
 r - a +1 chain mail (worn)
Jewellery
 s - a +3 ring of strength (left hand)
 t - a +3 ring of strength (right hand)
Wands
 o - a wand of iceblast (10)
Scrolls
 l - 3 scrolls of remove curse
 m - 2 scrolls of blinking
 n - 2 scrolls of amnesia
 w - 2 scrolls of identify
 x - 2 scrolls of fog
 y - a scroll of fear
Potions
 a - a potion of might
 h - a potion of invisibility
 j - a potion of agility
 k - 4 potions of magic
 u - 2 potions of berserk rage
Comestibles
 g - a ration
 z - 8 chunks of flesh


   Skills:
 + Level 14.3 Fighting
 + Level 11.0 Short Blades
 - Level 2.1 Throwing
 - Level 0.8 Dodging
 + Level 16.0 Stealth
 + Level 12.5 Invocations


You had 9 spell levels left.
You didn't know any spells.

Dungeon Overview and Level Annotations

Branches:
Dungeon (1/1)

Altars:
Cheibriados
Dithmenos
Elyvilon
Fedhas
Gozag
Hepliaklqana
Kikubaaqudgha
Makhleb
Nemelex Xobeh
Okawaru
Qazlal
Ru
Sif Muna
Trog
Uskayaw
Vehumet
Wu Jian
Xom
Yredelemnul
Zin
The Shining One
Beogh
Jiyva
Lugonu


Innate Abilities, Weirdness & Mutations

You are resistant to torment.
Your stone body is resilient. (AC +7)
You are immune to poison.
You resist negative energy. (rN+)
You are resistant to electric shocks. (rElec)
You can survive without breathing.
You are immune to petrification.
You are immune to rotting.


Message History

You puncture the spiny frog!
The spiny frog is almost dead.
The spiny frog stings you but does no damage.
You hit the spiny frog.
The spiny frog is almost dead.
The spiny frog stings you but does no damage.
You hit the spiny frog.
The spiny frog is almost dead.
You barely miss the spiny frog.
The spiny frog is almost dead.
The spiny frog stings you but does no damage.
You hit the spiny frog but do no damage.
The spiny frog is almost dead.
The spiny frog stings you but does no damage.
You feel better.
The blink frog blinks!
The spiny frog stings you but does no damage.
Your chain mail prevents you from hitting the spiny frog.
The spiny frog is almost dead.
The spiny frog stings you!
You die...

▓▓▓▓▓▓▓▓▓▓▓▓▓▓▓▓▓▓▓▓▓▓▓▓▓▓▓
?)!.....F.@FF.......††.†...
▓▓▓▓▓▓▓▓▓▓▓▓▓▓▓▓▓▓▓▓▓▓▓▓▓▓▓▓▓▓▓▓▓
.................................
▓▓▓▓▓▓▓▓▓▓▓▓▓▓▓▓▓▓▓▓▓▓▓▓▓▓▓▓▓▓▓▓▓
†.....)))..[.)|..'_______________
▓▓▓▓▓▓▓▓▓▓▓▓▓▓▓▓▓▓▓▓▓▓▓▓▓▓▓▓▓▓▓▓▓


You could see a spiny frog, a blink frog and a bullfrog.

Vanquished Creatures
  A two-headed ogre (D)
  An ugly thing (D)
  An elephant (D)
  A cyclops (D)
  5 spiny frogs (D)
  A komodo dragon (D)
  A tyrant leech (D)
  2 blink frogs (D)
  A vampire (D)
  3 yaks (D)
  A basilisk (D)
  A vampire mosquito (D)
  A porcupine (D)
  A water moccasin (D)
  2 wolves (D)
  A crocodile (D)
  A centaur (D)
  A big kobold (D)
  3 bullfrogs (D)
  A scorpion (D)
  2 crimson imps (D)
  A hound (D)
  3 worker ants (D)
  An adder (D)
  2 shadow imps (D)
  An orc (D)
  A goblin (D)
  A hobgoblin (D)
  2 frilled lizards (D)
  A rat (D)
45 creatures vanquished.

Notes
Turn   | Place    | Note
-------+----------+-------------------------------------------
     0 | D        | Faca the Gargoyle Assassin began the quest for the Orb.
     0 | D        | Reached XP level 1. HP: 12/12 MP: 1/1
    10 | D        | Reached skill level 5 in Stealth
    30 | D        | Noticed a scorpion
    30 | D        | Noticed a worker ant
    30 | D        | Noticed a crimson imp
    30 | D        | Noticed a worker ant
    35 | D        | Killed a worker ant
    35 | D        | Reached skill level 6 in Stealth
    35 | D        | Reached XP level 2. HP: 14/20 MP: 2/2
    35 | D        | Reached XP level 3. HP: 17/24 MP: 3/3
    48 | D        | Reached skill level 5 in Fighting
    48 | D        | Reached skill level 7 in Stealth
    53 | D        | Reached XP level 4. HP: 23/31 MP: 4/4
    58 | D        | Reached skill level 9 in Stealth
   231 | D        | Reached XP level 5. HP: 11/39 MP: 5/5
   235 | D        | Found a roughly hewn altar of Beogh.
   235 | D        | Found a snail-covered altar of Cheibriados.
   235 | D        | Found a shadowy altar of Dithmenos.
   235 | D        | Found a white marble altar of Elyvilon.
   235 | D        | Found a blossoming altar of Fedhas.
   235 | D        | Found an opulent altar of Gozag.
   236 | D        | Found a hazy altar of Hepliaklqana.
   237 | D        | Found a viscous altar of Jiyva.
   238 | D        | Found an ancient bone altar of Kikubaaqudgha.
   239 | D        | Found a corrupted altar of Lugonu.
   240 | D        | Found a burning altar of Makhleb.
   462 | D        | Found a sparkling altar of Nemelex Xobeh.
   463 | D        | Found an iron altar of Okawaru.
   464 | D        | Found a stormy altar of Qazlal.
   465 | D        | Found a sacrificial altar of Ru.
   466 | D        | Found a deep blue altar of Sif Muna.
   467 | D        | Found a bloodstained altar of Trog.
   468 | D        | Found a hide-covered altar of Uskayaw.
   469 | D        | Found a radiant altar of Vehumet.
   470 | D        | Found an ornate altar of the Wu Jian Council.
   471 | D        | Found a shimmering altar of Xom.
   472 | D        | Found a basalt altar of Yredelemnul.
   473 | D        | Found a glowing silver altar of Zin.
   474 | D        | Found a glowing golden altar of the Shining One.
   476 | D        | Became a worshipper of Uskayaw the Reveler
   543 | D        | Noticed a two-headed ogre
   543 | D        | Noticed a vampire
   543 | D        | Noticed a big kobold
   546 | D        | Reached * piety under Uskayaw
   547 | D        | Reached ** piety under Uskayaw
   549 | D        | Killed a big kobold
   549 | D        | Reached skill level 10 in Stealth
   549 | D        | Reached *** piety under Uskayaw
   550 | D        | Reached XP level 6. HP: 45/45 MP: 5/8
   552 | D        | Reached **** piety under Uskayaw
   583 | D        | Killed a vampire
   583 | D        | Reached skill level 11 in Stealth
   583 | D        | Reached skill level 5 in Invocations
   588 | D        | Killed a two-headed ogre
   588 | D        | Reached skill level 12 in Stealth
   588 | D        | Reached XP level 7. HP: 19/54 MP: 8/12
   588 | D        | Reached XP level 8. HP: 21/60 MP: 8/13
   783 | D        | Noticed a cyclops
   783 | D        | Noticed a purple ugly thing
   790 | D        | Killed a purple ugly thing
   790 | D        | Reached skill level 13 in Stealth
   797 | D        | Killed a cyclops
   797 | D        | Reached XP level 9. HP: 43/65 MP: 14/16
   797 | D        | Reached ***** piety under Uskayaw
  1010 | D        | Noticed a spiny frog
  1017 | D        | Killed a spiny frog
  1017 | D        | Reached skill level 14 in Stealth
  1017 | D        | Reached skill level 10 in Invocations
  1018 | D        | Noticed a spiny frog
  1040 | D        | Reached ****** piety under Uskayaw
  1043 | D        | Killed a spiny frog
  1050 | D        | Reached XP level 10. HP: 45/73 MP: 18/18
  1186 | D        | Noticed an elephant
  1186 | D        | Noticed a spiny frog
  1192 | D        | Noticed a spiny frog
  1196 | D        | Reached skill level 15 in Stealth
  1208 | D        | Killed a spiny frog
  1208 | D        | Reached skill level 10 in Short Blades
  1221 | D        | Killed an elephant
  1228 | D        | Killed a spiny frog
  1407 | D        | Noticed a spiny frog
  1411 | D        | Noticed a spiny frog
  1439 | D        | Killed a spiny frog
  1439 | D        | Reached skill level 16 in Stealth
  1440 | D        | HP: 3/76 [spiny frog (14)]
  1449 | D        | HP: 2/76 [bullfrog (5)]
  1460 | D        | Slain by a spiny frog

Vault maps used:
D:        linesprint

Skill      XL: |  1  2  3  4  5  6  7  8  9 10 |
---------------+-------------------------------+-----
Throwing       | 2 |  2.1
Stealth        | 6 7 9 10 12 13 14 16 | 16.0
Fighting       | 4 5 7 8 11 12 13 14 | 14.3
Short Blades   | 3 7 8 9 11 | 11.0
Invocations    | 3 7 9 11 12 | 12.5
Dodging        | |  0.8

Action                   |  1- 3 |  4- 6 |  7- 9 | 10-12 || total
-------------------------+-------+-------+-------+-------++-------
Melee: Dagger            |    29 |   135 |       |       ||   164
       Rapier            |       |    35 |    50 |    89 ||   174
 Fire: Blowgun           |     1 |    10 |       |       ||    11
Invok: Stomp             |       |       |       |     1 ||     1
       Line Pass         |       |       |       |     1 ||     1
  Use: Potion            |     1 |     9 |       |     3 ||    13
 Stab: Paralysed         |       |     2 |     3 |     4 ||     9
  Eat: Chunk             |       |       |       |     2 ||     2
Armor: Robe              |     9 |    50 |       |       ||    59
       Chain mail        |       |    31 |    20 |    33 ||    84
Dodge: Dodged            |    10 |    47 |     9 |    18 ||    84

Table legend:
 A = Spawn XP
 B = Non-spawn XP
 C = Spawn XP percentage of total XP
 D = Spawn monster count
 E = Non-spawn monster count
 F = Spawn count percentage of total count
 G = Total turns spent on level
                    A         B        C        D         E        F      G
               +---------+---------+-------+---------+---------+-------+---------
         Total |       0 |    8332 |   0.0 |       0 |      45 |   0.0 |  1460
               +---------+---------+-------+---------+---------+-------+---------
             D |       0 |    8332 |   0.0 |       0 |      45 |   0.0 |  1460
               +---------+---------+-------+---------+---------+-------+---------
